 Dungeon Crawl Stone Soup version 0.20.1-1-g8b1a95d (webtiles) character file.

248 Gargoyl the Covered (level 5, -15/47 HPs)
             Began as a Minotaur Abyssal Knight on July 7, 2017.
             Was a Believer of Lugonu.
             Demolished by an ogre
             ... wielding a +0 giant spiked club
              (29 damage)
             ... on level 4 of the Dungeon.
             The game lasted 00:06:37 (4044 turns).

Gargoyl the Covered (Minotaur Abyssal Knight)       Turns: 4044, Time: 00:06:38

Health: -15/47     AC: 12    Str: 16    XL:     5   Next: 86%
Magic:  6/6        EV:  0    Int:  9    God:    Lugonu [**....]
Gold:   196        SH: 13    Dex: 11    Spells: 4/4 levels left

rFire    + . .     SeeInvis .   a - +2 hand axe
rCold    x . .     Gourm    .   k - +0 large shield
rNeg     . . .     Faith    .   n - +0 plate armour
rPois    +         Spirit   .   (helmet restricted)
rElec    .         Reflect  +   (no cloak)
rCorr    .         Harm     .   (no gloves)
MR       .....                  (no boots)
Stlth    ..........             f - +2 amulet of reflection
Regen    0.2/turn               g - ring of fire
MPRegen  0.1/turn               j - ring of poison resistance

@: no status effects
A: retaliatory headbutt, horns 2
a: Depart the Abyss, Bend Space, Renounce Religion


You were on level 4 of the Dungeon.
You worshipped Lugonu.
Lugonu was pleased with you.
You were hungry.

You visited 1 branch of the dungeon, and saw 4 of its levels.
You visited the Abyss 1 time.

You collected 196 gold pieces.

Inventory:

Hand Weapons
 a - a +2 hand axe (weapon)
Armour
 k - a +0 large shield (worn)
 n - a +0 plate armour (worn)
Jewellery
 d - a +2 ring of slaying {unknown}
 f - a +2 amulet of reflection (around neck)
 g - a ring of fire (left hand)
 j - a ring of poison resistance (right hand)
 t - an uncursed ring of magical power {unknown}
Scrolls
 p - 2 scrolls of teleportation
 r - a scroll of magic mapping
Potions
 b - a potion of brilliance {unknown}
 e - a potion of invisibility
 h - a potion of might {unknown}
 i - a potion of curing {unknown}
 l - a potion of heal wounds {unknown}
 m - 2 potions of degeneration {unknown}
 o - a potion of mutation {unknown}
Comestibles
 c - 2 bread rations
 q - 2 meat rations
 s - 4 fruits


   Skills:
 + Level 4.4 Fighting
 + Level 4.1 Axes
 * Level 5.0 Armour
 + Level 2.0 Dodging
 + Level 0.8 Shields
 * Level 2.7 Invocations


You had 4 spell levels left.
You didn't know any spells.

Dungeon Overview and Level Annotations

Branches:
Dungeon (4/15)
 Temple: D:4-7

Altars:
Elyvilon
Gozag
Qazlal
Ru
Sif Muna
Vehumet
Yredelemnul
Zin


Innate Abilities, Weirdness & Mutations

You reflexively headbutt those who attack you in melee.
You have a pair of horns on your head.


Message History

You block the ogre's attack.
You hit the ogre.
The ogre is heavily wounded.
You block the ogre's attack.
You hit the ogre. Your headbutt misses the ogre.
The ogre is heavily wounded.
The ogre hits you with a giant spiked club!
You hit the ogre.
The ogre is heavily wounded.
You block the ogre's attack.
You hit the ogre.
The ogre is severely wounded.
The ogre hits you with a giant spiked club!!
* * * LOW HITPOINT WARNING * * *
Your plate armour prevents you from hitting the ogre.
You headbutt the ogre.
The ogre is severely wounded.
The ogre hits you with a giant spiked club!!
Ouch! That really hurt!
You die... # .# #... # ..# #.... # ...## #....# ...####....# ...#.....####### #...... #P^PPP#

#...# #.....###### . #@#
#^^_PP...#.. ..
#O#####..P..##..#. ...
#.....#^.PPP###### ....
#.....############ .....
##.#...............
#.....#..#...####....[...
#............# ######...
#..####.####.# ##... ....
#.# #....


You could see an ogre.

Vanquished Creatures
  A crimson imp (D:3)
  An orc priest (D:3)
  A worker ant (D:4)
  Terence (D:3)
  6 adders
  An ooze (D:3)
  2 worms (D:2)
  2 dart slugs
  2 leopard geckos
  4 orcs (D:3)
  A ball python (D:4)
  9 bats
  3 giant cockroaches (D:1)
  4 goblins
  5 hobgoblins
  7 jackals
  9 kobolds
  A quokka (D:4)
  4 frilled lizards
  10 rats
74 creatures vanquished.

Notes
Turn   | Place    | Note
-------+----------+-------------------------------------------
     0 | Abyss:1  | Gargoyl the Minotaur Abyssal Knight began the quest for the Orb.
     0 | Abyss:1  | Reached XP level 1. HP: 19/19 MP: 1/1
    47 | Abyss:1  | Noticed a sky beast
    73 | Abyss:1  | Noticed a hellion
    76 | D:1      | Escaped the Abyss
   248 | D:1      | Reached XP level 2. HP: 18/27 MP: 2/2
   377 | D:1      | Reached * piety under Lugonu
   650 | D:1      | Reached XP level 3. HP: 26/33 MP: 3/3
  1224 | D:1      | Reached skill level 3 in Armour
  1405 | D:2      | You fall through a shaft!
  1672 | D:2      | Found a radiant altar of Vehumet.
  2345 | D:2      | Found a basalt altar of Yredelemnul.
  2351 | D:2      | Reached XP level 4. HP: 37/40 MP: 4/4
  2606 | D:3      | Found a deep blue altar of Sif Muna.
  2782 | D:3      | Found a stormy altar of Qazlal.
  2885 | D:3      | Found a white marble altar of Elyvilon.
  2909 | D:3      | Reached skill level 4 in Armour
  2989 | D:3      | Reached ** piety under Lugonu
  2993 | D:3      | Reached XP level 5. HP: 6/46 MP: 5/5
  3004 | D:3      | HP: 2/46 [orc/morningstar (6)]
  3353 | D:3      | Noticed Terence
  3393 | D:3      | Killed Terence
  3731 | D:4      | Found an opulent altar of Gozag.
  3761 | D:4      | Found a sacrificial altar of Ru.
  4023 | D:4      | Noticed an ogre
  4024 | D:4      | Found a glowing silver altar of Zin.
  4037 | D:4      | Reached skill level 5 in Armour
  4044 | D:4      | Demolished by an ogre

Skill      XL: |  1  2  3  4  5 |
---------------+----------------+-----
Fighting       | 4 |  4.4
Invocations    | 2 |  2.7
Armour         | 3 4 5 |  5.0
Axes           | 3 4 |  4.1
Dodging        | 2 |  2.0
Shields        | |  0.8

Action                   |  1- 3 |  4- 6 || total
-------------------------+-------+-------++-------
Melee: Hand axe          |    98 |   107 ||   205
       Headbutt          |    15 |    17 ||    32
Invok: Depart the Abyss  |     1 |       ||     1
  Use: Scroll            |     5 |     4 ||     9
  Eat: Chunk             |     3 |     4 ||     7
       Royal jelly       |       |     1 ||     1
Armor: Leather armour    |    15 |       ||    15
       Ring mail         |    16 |    29 ||    45
       Plate armour      |       |    11 ||    11
       Scale mail        |       |     8 ||     8
Dodge: Dodged            |    65 |    46 ||   111
Block: Buckler           |    10 |    16 ||    26
       Large shield      |       |     7 ||     7
